 Dungeon Crawl Stone Soup version 0.22-a0-618-gd6a3efe (webtiles) character file.

8247 Amnesiac the Geomancer (level 11, -5/72 HPs)
             Began as a Mummy Earth Elementalist on July 13, 2018.
             Was a Priest of Dithmenos.
             Slain by a wight
             ... wielding a +1 dire flail
              (6 damage)
             ... on level 11 of the Dungeon.
             The game lasted 00:30:32 (16505 turns).

Amnesiac the Geomancer (Mummy Earth Elementalist)  Turns: 16505, Time: 00:30:33

Health: -5/72      AC:  7    Str: 12    XL:     11   Next: 7%
Magic:  15/33      EV: 13    Int: 17    God:    Dithmenos [***...]
Gold:   608        SH:  0    Dex:  9    Spells: 14/29 levels left

rFire    x . .     SeeInvis .   F - +4 dagger "Gaytolebb" {pierce, rElec rN+++ MP+9 Dex-4}
rCold    + . .     Gourm    .   (no shield)
rNeg     + + +     Faith    +   d - +2 robe {MR+}
rPois    ∞         Spirit   .   (no helmet)
rElec    +         Reflect  .   s - +2 cloak
rCorr    .         Harm     .   (no gloves)
MR       ++...                  (no boots)
Stlth    +++++.....             t - amulet of faith
HPRegen  0.22/turn              j - ring of stealth
MPRegen  0.23/turn              i - +2 ring of slaying

@: very slightly contaminated, wreathed by umbra
A: no food or potions, fire vulnerability, cold resistance 1, negative energy
resistance 3, torment resistance, unbreathing
a: Shadow Step, Renounce Religion


You were on level 11 of the Dungeon.
You worshipped Dithmenos.
Dithmenos was most pleased with you.
You were not hungry.

You visited 3 branches of the dungeon, and saw 13 of its levels.

You collected 832 gold pieces.
You spent 224 gold pieces at shops.

Inventory:

Hand Weapons
 a - a +2 dagger of pain
 b - a +2 short sword of venom
 f - a +0 blowgun
 z - a +0 short sword of flaming
 C - a +4 scimitar of flaming
 F - the +4 dagger "Gaytolebb" (weapon) {pierce, rElec rN+++ MP+9 Dex-4}
   (You bought it in a shop on level 10 of the Dungeon)

   It inflicts extra damage upon your enemies.
   It affects your dexterity (-4).
   It insulates you from electricity.
   It renders you almost immune to negative energy.
   It affects your magic capacity (+9).
Missiles
 u - 179 stones (quivered)
 w - 55 poisoned needles
Armour
 d - a +2 robe of magic resistance (worn)
 n - a +0 shield
 s - a +2 cloak (worn)
 H - a +0 troll leather armour
Magical Staves
 r - an uncursed staff of energy
Jewellery
 e - a +4 ring of dexterity
 i - a +2 ring of slaying (right hand)
 j - a ring of stealth (left hand)
 t - an amulet of faith (around neck)
Wands
 p - a wand of acid (12)
 v - a wand of iceblast (2)
 A - a wand of digging (13)
 E - a wand of disintegration (15)
 G - a wand of flame (35)
Scrolls
 c - 2 scrolls of magic mapping {!r}
 g - 9 scrolls of teleportation {!r}
 h - 2 scrolls of fear {!r}
 k - 5 scrolls of remove curse {!r}
 l - 7 scrolls of amnesia {!r}
 m - 5 scrolls of enchant armour {!r}
 o - 3 scrolls of identify {!r}
 q - a scroll of noise {!r}
 x - a scroll of fog {!r}
 y - 3 scrolls of enchant weapon {!r}
 B - a scroll of brand weapon {!r, unknown}
 D - a scroll of blinking {!r, unknown}


   Skills:
 - Level 2.0 Fighting
 - Level 4.0 Short Blades
 - Level 3.2 Dodging
 - Level 4.0 Stealth
 + Level 9.7 Spellcasting
 - Level 6.0 Transmutations
 * Level 9.7 Earth Magic


You had 14 spell levels left.
You knew the following spells:

 Your Spells              Type           Power        Failure   Level  Hunger
a - Sandblast             Erth           #####.       1%          1    N/A
b - Passwall              Tmut/Erth      #####...     1%          2    N/A
c - Stone Arrow           Conj/Erth      ###...       3%          3    N/A
d - Lee's Rapid Deconstr  Erth           #####.....   4%          5    N/A
e - Petrify               Tmut/Erth      #####...     3%          4    N/A

Your spell library contained the following spells:

 Spells                   Type           Power        Failure   Level  Hunger


Dungeon Overview and Level Annotations

Branches:
Dungeon (11/15)            Temple (1/1) D:6            Lair (0/6) D:8
    Orc (1/2) D:9

Altars:
Ashenzari
Cheibriados
Dithmenos
Elyvilon
Fedhas
Gozag
Hepliaklqana
Kikubaaqudgha
Makhleb
Nemelex Xobeh
Okawaru
Qazlal
Ru
Sif Muna
Trog
Uskayaw
Vehumet
Wu Jian
Xom
Yredelemnul
Zin
The Shining One
Beogh
Lugonu

Shops:
D:10 (

Annotations:
D:7 1 transporter
D:11 Harold


Innate Abilities, Weirdness & Mutations

You do not eat or drink.
Your flesh is vulnerable to fire.
You are immune to poison.
Your flesh is cold resistant. (rC+)
You are immune to negative energy. (rN+++)
You are immune to unholy pain and torment.
You can survive without breathing.


Message History

Casting: Petrify (safe; 3% risk of failure)
Confirm with . or Enter, or press ? or * to list all spells.
Aiming: Lee's Rapid Deconstruction (safe; 4% risk of failure)
Press: ? - help, Dir - move target cursor, p - wight A rock wall.
This square is wreathed by an umbra.
The wall shatters!
The blast of rock fragments hits the wight.
The wight is moderately damaged.
The blast of rock fragments hits the wight.
The wight is moderately damaged.
You hear a shout!
The wight closely misses you. The wight barely misses you.
Unknown command.
Casting: Lee's Rapid Deconstruction (safe; 4% risk of failure)
Confirm with . or Enter, or press ? or * to list all spells.
Aiming: Lee's Rapid Deconstruction (safe; 4% risk of failure)
Press: ? - help, Dir - move target cursor A rock wall.
This square is wreathed by an umbra.
Okay, then.
Harold yells, "I don't have all day!"
Harold throws a throwing net.
The throwing net hits you.
You become entangled in the net!
You see here a throwing net.
You struggle against the net.
The wight barely misses you.
The wight hits you with an enchanted dire flail.
You struggle against the net.
The wight barely misses you. The wight hits you with a long sword.
The wight closely misses you.
You struggle against the net.
The wight hits you but does no damage. x2
The wight barely misses you.
You shred the net and break free!
Harold throws a throwing net.
The throwing net hits you.
You become entangled in the net!
The wight barely misses you.
The wight hits you but does no damage. x2
You struggle against the net.
Harold gestures wildly while chanting.
Harold blinks!
The wight hits you with an enchanted dire flail. x2
The wight hits you but does no damage.
You struggle against the net.
The wight hits you with an enchanted dire flail.
The wight barely misses you.
You struggle against the net.
The wight barely misses you.
The wight hits you with an enchanted dire flail!
* * * LOW HITPOINT WARNING * * *
The wight hits you with an enchanted dire flail!
* * * LOW HITPOINT WARNING * * *
You struggle against the net.
The wight hits you with a long sword!
* * * LOW HITPOINT WARNING * * *
The wight barely misses you.
The wight hits you with an enchanted dire flail.
* * * LOW HITPOINT WARNING * * *
You rip the net and break free!
Harold hits you with a dire flail of protection!
* * * LOW HITPOINT WARNING * * *
The wight hits you with a long sword.
* * * LOW HITPOINT WARNING * * *
The wight barely misses you.
Okay, then.
Harold throws a throwing net.
The throwing net misses you.
You see here a throwing net.
The wight misses you.
The wight hits you with an enchanted dire flail.
You die...

..#>..#....).### #.#........#
........)...## ....#.......##
.............####........†..#
.....#........####........###
..#.##........#.##.#......#
###.#............z#.##....#
#..#..........@.## #.#.##
#.#.##.......zz(# #..### ##..
#).#.....@## ##.# ###
####..#<.....####
#..#######.# #.## ##


You could see Harold and 3 wights.

Vanquished Creatures
  A two-headed ogre (D:5)
  An orc knight (D:9)
  An efreet (D:9)
  A troll (D:10)
  2 hippogriffs (D:9)
  A yak (D:5)
  Grum (D:8)
  2 hungry ghosts (D:8)
  A water moccasin (D:9)
  3 porcupines (D:8)
  2 black bears
  7 orc warriors
  An ice beast (D:8)
  A necrophage (D:8)
  4 ogres
  4 phantoms
  A sky beast (D:10)
  4 wolves (D:8)
  3 centaurs
  3 big kobolds
  5 bullfrogs
  Blork the orc (D:6)
  A gnoll sergeant (D:9)
  A wyvern skeleton (D:10)
  2 scorpions
  7 killer bees
  A wight (D:11)
  A howler monkey (D:7)
  3 crimson imps
  A bullfrog zombie (D:6)
  A quasit (D:8)
  3 hounds
  4 jellies
  9 orc priests
  A centaur zombie (D:9)
  A gnoll shaman (D:7)
  3 bullfrog skeletons
  A centaur skeleton (D:9)
  An iguana (D:4)
  14 orc wizards
  4 worker ants
  A killer bee zombie (D:8)
  A hound zombie (D:5)
  A hound skeleton (D:6)
  A worker ant zombie (D:11)
  11 gnolls
  14 adders
  3 shadow imps
  4 oozes
  2 adder skeletons
  2 worms
  5 dart slugs
  9 leopard geckos
  49 orcs
  4 giant cockroaches
  10 goblins
  8 hobgoblins
  22 kobolds
  4 quokkas
  7 bats
  8 frilled lizards
  10 rats
285 creatures vanquished.

Vanquished Creatures (others)
  An orc (D:3)
  A giant cockroach (D:7)
  A kobold (D:3)
  8 fungi (D:8)
11 creatures vanquished.

Grand Total: 296 creatures vanquished

Notes
Turn   | Place    | Note
-------+----------+-------------------------------------------
     0 | D:1      | Amnesiac the Mummy Earth Elementalist began the quest for the Orb.
     0 | D:1      | Reached XP level 1. HP: 13/13 MP: 4/4
     2 | D:1      | Noticed an elf
     2 | D:1      | Noticed a formicid
     4 | D:1      | Noticed a felid
     6 | D:1      | Noticed a centaur
     8 | D:1      | Noticed a ghoul
     8 | D:1      | Noticed a vine stalker
    10 | D:1      | Noticed a draconian
    10 | D:1      | Noticed a halfling
    12 | D:1      | Noticed an octopode
    12 | D:1      | Noticed a merfolk
    14 | D:1      | Noticed a spriggan
    14 | D:1      | Noticed a gargoyle
    16 | D:1      | Noticed a vampire
    16 | D:1      | Noticed a dwarf
    18 | D:1      | Noticed a troll
    20 | D:1      | Noticed an ogre
    20 | D:1      | Noticed a human
    22 | D:1      | Noticed a demigod
    24 | D:1      | Noticed a demonspawn
    24 | D:1      | Noticed a minotaur
    26 | D:1      | Noticed a tengu
    26 | D:1      | Noticed a naga
   267 | D:1      | You fall through a shaft!
   267 | D:2      | Found a glowing golden altar of the Shining One.
   267 | D:2      | Found a hazy altar of Hepliaklqana.
   488 | D:2      | Reached skill level 1 in Short Blades
   488 | D:2      | Reached XP level 2. HP: 19/19 MP: 1/5
   546 | D:2      | Reached XP level 3. HP: 14/24 MP: 2/7
   700 | D:3      | Found a stormy altar of Qazlal.
   791 | D:2      | Learned a level 2 spell: Passwall
   929 | D:2      | Reached skill level 1 in Transmutations
  1057 | D:4      | Found an opulent altar of Gozag.
  1317 | D:1      | Reached XP level 4. HP: 22/30 MP: 8/8
  1323 | D:1      | Learned a level 4 spell: Petrify
  2646 | D:3      | Reached XP level 5. HP: 33/35 MP: 3/9
  3374 | D:3      | Learned a level 3 spell: Stone Arrow
  3835 | D:4      | Reached XP level 6. HP: 41/41 MP: 7/10
  4746 | D:5      | Entered Level 5 of the Dungeon
  4816 | D:5      | Noticed a two-headed ogre
  5714 | D:4      | Found an opulent altar of Gozag.
  6146 | D:5      | Noticed a yak
  6149 | D:5      | Reached XP level 7. HP: 46/46 MP: 13/13
  6176 | D:5      | Killed a yak
  6402 | D:5      | Killed a two-headed ogre
  6402 | D:5      | Reached skill level 5 in Spellcasting
  6402 | D:5      | Reached skill level 5 in Transmutations
  6402 | D:5      | Reached skill level 5 in Earth Magic
  6402 | D:5      | Reached XP level 8. HP: 38/52 MP: 9/16
  8748 | D:6      | Found a staircase to the Ecumenical Temple.
  8779 | D:6      | Reached XP level 9. HP: 57/57 MP: 0/17
  8786 | D:6      | Learned a level 5 spell: Lee's Rapid Deconstruction
  9646 | D:6      | Found a hide-covered altar of Uskayaw.
  9677 | Temple   | Entered the Ecumenical Temple
  9786 | Temple   | Became a worshipper of Dithmenos the Shadowed
 10291 | D:6      | Noticed Blork the orc
 10299 | D:6      | Killed Blork the orc
 10659 | D:7      | Reached skill level 1 in Fighting
 10880 | D:7      | Noticed a red ugly thing
 10880 | D:7      | Found a corrupted altar of Lugonu.
 10880 | D:7      | Noticed a green ugly thing
 11074 | D:7      | Found a transporter.
 11077 | D:7      | Noticed a green ugly thing
 11108 | D:7      | Reached * piety under Dithmenos
 11852 | D:8      | You fall through a shaft!
 12168 | D:9      | Reached ** piety under Dithmenos
 12261 | D:9      | Found a staircase to the Orcish Mines.
 12326 | D:8      | Noticed Grum
 12344 | D:8      | Reached XP level 10. HP: 55/67 MP: 15/21
 12421 | D:8      | Found a hazy altar of Hepliaklqana.
 12683 | D:7      | Noticed a cyan ugly thing
 13026 | D:8      | Found a staircase to the Lair.
 13229 | D:8      | Found a staircase to the Lair.
 13738 | D:8      | Found a hazy altar of Hepliaklqana.
 13989 | D:8      | Killed Grum
 14262 | D:9      | Reached *** piety under Dithmenos
 14613 | D:9      | Found a basalt altar of Yredelemnul.
 14751 | D:9      | Found a shattered altar of Ashenzari.
 15049 | D:9      | Found a white marble altar of Elyvilon.
 15223 | Orc:1    | Entered Level 1 of the Orcish Mines
 15225 | Orc:1    | Noticed an orc knight
 15235 | Orc:1    | Found a roughly hewn altar of Beogh.
 15235 | Orc:1    | Noticed an orc knight
 15235 | Orc:1    | Noticed an orc knight
 15235 | Orc:1    | Noticed an orc knight
 15235 | Orc:1    | Noticed an orc knight
 15235 | Orc:1    | Noticed an orc knight
 15270 | D:9      | Killed an orc knight
 15399 | D:10     | Entered Level 10 of the Dungeon
 15935 | D:10     | Found Ykafor's Antique Weapon Shop.
 15939 | D:10     | Bought an encrusted dagger for 224 gold pieces
 15939 | D:10     | Identified the +4 dagger "Gaytolebb" {pierce, rElec rN+++ MP+9 Dex-4} (You bought it in a shop on level 10 of the Dungeon)
 16088 | D:10     | Reached XP level 11. HP: 68/72 MP: 24/24
 16416 | D:11     | Noticed Harold
 16503 | D:11     | HP: 1/72 [wight/long sword (3)]
 16505 | D:11     | Slain by a wight

Vault maps used:
D:1:      kb_arrival_jail
D:2:      minitemple, grunt_decor_mini_mirrors
D:3:      grunt_qazlal_clouds
D:4:      lemuel_crystal_altar, first_ration
D:5:      kennysheep_big_flooded_room, kennysheep_minor_cross, dk_vineyard_2
D:6:      eat_drink_and_be_merry_uskayaw, minmay_temple_entry_from_below_b,
          uniq_blork_the_orc
D:7:      gammafunk_corrupted_shrine
D:8:      grunt_lair_entry_orc_guard_hut, basic_altar, uniq_grum
D:9:      kennysheep_ying_yang, nicolae_ashenzari_panopticon, orc_0_dummy
D:10:     serial_shops, shop
D:11:     enter_trove_1, grunt_tengu_nest, lemuel_statue_altar, uniq_harold
Temple:   jpeg_temple_clearing
Orc:1:    special_room, serial_shops, shop, uniq_josephine

Skill      XL: |  1  2  3  4  5  6  7  8  9 10 |
---------------+-------------------------------+-----
Stealth        | 2 3 4 |  4.0
Short Blades   | 1 2 3 4 |  4.0
Transmutations | 1 2 3 5 6 |  6.0
Spellcasting   | 3 4 5 7 9 |  9.7
Earth Magic    | 3 5 7 9 |  9.7
Dodging        | 2 3 |  3.2
Fighting       | 2 |  2.0

Action                   |  1- 3 |  4- 6 |  7- 9 | 10-12 || total
-------------------------+-------+-------+-------+-------++-------
Melee: Unarmed           |    15 |       |       |       ||    15
       Dagger            |   103 |   354 |   233 |   182 ||   872
       Short sword       |       |       |   196 |    26 ||   222
 Cast: Sandblast         |    18 |    68 |    53 |    19 ||   158
       Passwall          |     2 |    12 |     9 |    14 ||    37
       Petrify           |       |     8 |    78 |    58 ||   144
       Lee's Rapid Decon |       |       |     2 |     8 ||    10
Evoke: Wand              |       |       |     1 |       ||     1
  Use: Scroll            |       |     5 |     6 |       ||    11
 Stab: Sleeping          |     4 |    11 |    14 |    20 ||    49
       Petrified         |       |     8 |    83 |    57 ||   148
       Petrifying        |       |       |    12 |     9 ||    21
       Distracted        |       |       |       |     1 ||     1
Armor: Robe              |    36 |   120 |    98 |    50 ||   304
Dodge: Dodged            |    89 |   233 |   251 |   130 ||   703

Table legend:
 A = Spawn XP
 B = Non-spawn XP
 C = Spawn XP percentage of total XP
 D = Spawn monster count
 E = Non-spawn monster count
 F = Spawn count percentage of total count
 G = Total turns spent on level
                    A         B        C        D         E        F      G
               +---------+---------+-------+---------+---------+-------+---------
         Total |       0 |   11782 |   0.0 |       0 |     285 |   0.0 | 16505
               +---------+---------+-------+---------+---------+-------+---------
           D:1 |       0 |      72 |   0.0 |       0 |      32 |   0.0 |  1367
           D:2 |       0 |     104 |   0.0 |       0 |      22 |   0.0 |  1241
           D:3 |       0 |     139 |   0.0 |       0 |      26 |   0.0 |  1073
           D:4 |       0 |     372 |   0.0 |       0 |      20 |   0.0 |  2342
           D:5 |       0 |    1540 |   0.0 |       0 |      12 |   0.0 |  1727
           D:6 |       0 |    1174 |   0.0 |       0 |      47 |   0.0 |  2768
           D:7 |       0 |     898 |   0.0 |       0 |      26 |   0.0 |   971
           D:8 |       0 |    2713 |   0.0 |       0 |      31 |   0.0 |  2000
           D:9 |       0 |    3118 |   0.0 |       0 |      36 |   0.0 |  1721
          D:10 |       0 |    1156 |   0.0 |       0 |      18 |   0.0 |   804
          D:11 |       0 |     496 |   0.0 |       0 |      15 |   0.0 |   302
               +---------+---------+-------+---------+---------+-------+---------
